 Dungeon Crawl Stone Soup version 0.31-a0-145-g046c7d2549 (webtiles) character file.

Game seed: 18090074685701115472

79 avis the Chopper (level 4, 0/41 HPs)
             Began as a Hill Orc Fighter on June 6, 2023.
             Succumbed to a gnoll's poison
             ... on level 2 of the Dungeon.
             The game lasted 00:05:16 (1789 turns).

avis the Chopper (Hill Orc Fighter)                 Turns: 1789, Time: 00:05:16

Health: 0/41       AC: 10    Str: 20    XL:     4   Next: 38%
Magic:  2/4        EV:  7    Int:  8    God:
Gold:   65         SH:  4    Dex: 10    Spells: 3/3 levels left

rFire   . . .        a - +0 war axe
rCold   . . .        c - +0 buckler
rNeg    . . .        j - +0 chain mail
rPois   .            (no helmet)
rElec   .            f - +0 cloak
rCorr   .            (no gloves)
SInv    .            (no boots)
Will    .....        l - amulet of guardian spirit Stlth
                     (no ring)
HPRegen 0.26/turn    (no ring)
MPRegen 0.09/turn

%: guardian spirit
@: lethally poisoned (0 -> -20)
A: no striking features
a: no special abilities


You were on level 2 of the Dungeon.
You visited 1 branch of the dungeon, and saw 3 of its levels.

You collected 65 gold pieces.

Inventory:

Hand Weapons
 a - a +0 war axe (weapon)
 n - a +0 sling
Missiles
 b - 6 poisoned darts (quivered)
Armour
 c - a +0 buckler (worn)
 f - a +0 cloak (worn)
 j - a +0 chain mail (worn)
 o - a +0 chain mail
Jewellery
 l - an amulet of guardian spirit (around neck)
Scrolls
 e - 3 scrolls of identify {unknown}
 g - 2 scrolls of teleportation {unknown}
 h - a scroll of torment {unknown}
Potions
 d - a potion of might
 i - a potion of mutation {unknown}
 k - 2 potions of heal wounds {unknown}
 m - a potion of enlightenment {unknown}


   Skills:
 + Level 4.5 Fighting
 * Level 5.0 Axes
 - Level 3.3 Armour
 - Level 3.3 Shields


You had 3 spell levels left.
You didn't know any spells.
Your spell library contained the following spells:

 Spells                   Type           Power      Damage    Failure   Level
 Slow                     Hex            0%         N/A       99%         1
 Confusing Touch          Hex            0%         N/A       100%        3
 Vampiric Draining        Necr           0%         2d6       100%        3


Dungeon Overview and Level Annotations

Branches:
Dungeon (3/15)

Altars:


Message History

The gnoll shouts!
The gnoll hits you but does no damage.
You are poisoned.
You hit the gnoll.
The gnoll is heavily wounded.
You feel very sick. The gnoll hits you but does no damage.
The gnoll attacks as you move away! The gnoll hits you but does no damage.
You are more poisoned.
You feel very sick. You block the gnoll's attack.
You feel sick.
There is a stone staircase leading up here.
You feel sick.
You feel sick.
The gnoll hits you with a +0 spear of venom.
You are more poisoned.
There is a stone staircase leading up here.
You feel sick.
The gnoll hits you from afar with a +0 spear.
The gnoll hits you with a +0 spear of venom.
You are more poisoned.
You climb upwards.
You feel extremely sick.
There is a stone staircase leading down here.
You hit the gnoll.
The gnoll is severely wounded.
You feel very sick. The gnoll hits you but does no damage.
You are lethally poisoned!
You barely miss the gnoll.
The gnoll is severely wounded.
* * * LOW HITPOINT WARNING * * *
You feel very sick. The gnoll barely misses you.
The gnoll hits you with a +0 spear of venom.
* * * LOW HITPOINT WARNING * * *
You are more poisoned.
You barely miss the gnoll.
The gnoll is heavily wounded.
You die...

.......#....##.##..##.##.#####...
......###...##.##.##.............
......# ##.#...##.##..........#..
......# #...####.............#..
......# ########..##........##..
..##### #.....##........##.. ###
#.##..############.. #.#..## ###
##.g@## #..### ####


You could see a gnoll.

Vanquished Creatures
  3 adders
  A worm (D:2)
  A dart slug (D:2)
  4 ball pythons
  4 bats
  6 endoplasms
  7 goblins
  6 hobgoblins
  3 quokkas
  2 frilled lizards
  2 kobolds (D:2)
  4 rats (D:2)
43 creatures vanquished.

Notes
Turn   | Place    | Note
-------+----------+-------------------------------------------
     0 | D:1      | avis the Hill Orc Fighter began the quest for the Orb.
     0 | D:1      | Reached XP level 1. HP: 19/19 MP: 1/1
   152 | D:1      | Reached skill level 3 in Axes
   179 | D:1      | Reached XP level 2. HP: 25/27 MP: 2/2
   621 | D:1      | Reached XP level 3. HP: 31/33 MP: 3/3
  1092 | D:2      | Reached skill level 4 in Axes
  1520 | D:2      | Reached XP level 4. HP: 41/41 MP: 4/4
  1771 | D:2      | Reached skill level 5 in Axes
  1789 | D:2      | Succumbed to a gnoll's poison

Illustrated notes

Levels and vault maps discovered:
D:1:      dpeg_arrival_tiny_c, layout_basic, serial_forest,
          infiniplex_forest_clump_cross, infiniplex_forest_lined_corner,
          infiniplex_forest_zigzag_2, infiniplex_forest_zigzag_1,
          infiniplex_forest_lined_room_2
D:2:      layout_rooms, minmay_misc_feat_cross
D:3:      layout_basic, lemuel_round_altar, uniq_sigmund

Skill      XL: |  1  2  3  4 |
---------------+-------------+-----
Axes           | 3 4 5 |  5.0
Fighting       | 4 |  4.5
Armour         | |  3.3
Shields        | |  3.3

Action                     |  1- 3 |  4- 6 || total
---------------------------+-------+-------++-------
  Melee: War axe           |    93 |    21 ||   114
 Armour: Scale mail        |    14 |       ||    14
         Chain mail        |    35 |    15 ||    50
  Dodge: Dodged            |    24 |     5 ||    29
  Block: Buckler           |    26 |     9 ||    35

Table legend: (Time is in decaauts)
 A = Elapsed time spent in this place.
 B = Non-inter-level travel time spent in this place.
 C = Inter-level travel time spent in this place.
 D = Time resting spent in this place.
 E = Time spent auto-exploring this place.
 F = Levels seen in this place.
 G = Mean time per level.
                   A        B        C        D        E       F      G
               +--------+--------+--------+--------+--------+-----+--------+
         Total |   1830 |   1588 |    242 |     32 |   1105 |   3 |  610.0 |
       Dungeon |   1830 |   1588 |    242 |     32 |   1105 |   3 |  610.0 |
               +--------+--------+--------+--------+--------+-----+--------+

Top non-repeatable levels by time:
     D:1: 1224 daAuts
     D:2: 572 daAuts
     D:3: 33 daAuts
